AoeStats
← Guru8722

Arabia

504123008Analyzed
2v2 RM · 28d ago on Sep 4, 2026· 23m 35s· 4 players
Game mode
Random Map
Map size
Medium (4 player)
Population
200
Speed
Normal
Resources
Standard
Victory
Conquest
Starting age
Dark Age
Ending age
Imperial Age
RankedLock teamsTeams togetherTeam positionsShared explorationLock speedFull tech treeHidden civsTurbo modeCheats
Victory
Defeat
🇺🇸 Vietnamese · United States
983
+15
🇺🇸 Magyars · United States
967
+15
🇵🇪 Franks · Peru
964
-15
🇵🇪 Celts · Peru
949
-15
Lord_Mastermind
12:22 Feudal Age
25:52 Castle Age
edu_16av
0:28 Loom
9:36 Feudal Age
11:29 Double-Bit Axe
14:36 Town Watch
22:10 Castle Age
20:20 Gold Mining
21:17 Forging
21:44 Scale Barding Armor
23:13 Husbandry
Guru8722
5:44 Loom
10:34 Feudal Age
11:01 Double-Bit Axe
15:49 Fletching
25:38 Castle Age
Sanji-San
6:04 Loom
8:52 Feudal Age
9:20 Double-Bit Axe
19:51 Castle Age
17:48 Horse Collar
19:00 Fletching
19:06 Gold Mining
19:35 Padded Archer Armor
19:47 Bloodlines
21:10 Bow Saw
21:03 Bodkin Arrow
Connection lost

Rejoining the realm…

Still unreachable

The connection could not be restored.

Session expired

The server has moved on; the page needs a fresh start.